SAA
LANCASTER FARMERS @ LONG ISLAND SEAWOLVES
08/20/2023
 
TOP OF THE 1ST
Lancaster Farmers batting - Pitching for Long Island Seawolves : RHP Jim Unknown
Pitching: RHP Jim Unknown
Batting: RHB Barkley B. Cooltimes 0-0: Called Strike
0-1: Called Strike
0-2: Strikes out swinging
Batting: LHB Rob Wilson 0-0: Ball
1-0: Ball
2-0: Ball
3-0: Base on Balls
Batting: RHB Fred Meyer 0-0: Grounds into double play, 5-4-3 (Groundball, 56)
Top of the 1st over - 0 run(s), 0 hit(s), 0 error(s), 0 left on base; Lancaster 0 - Long Island 0
BOTTOM OF THE 1ST
Long Island Seawolves batting - Pitching for Lancaster Farmers : RHP Roberto Cantú
Pitching: RHP Roberto Cantú
Batting: RHB Francisco García 0-0: Bunted foul
0-1: Foul Ball, location: 2F
0-2: Ball
1-2: Ball
2-2: Strikes out swinging
Batting: RHB Mal Bussard 0-0: Ball
1-0: Swinging Strike
1-1: Foul Ball, location: 2F
1-2: Ball
2-2: Foul Ball, location: 2F
2-2: Ball
3-2: SINGLE (Groundball, 6MD)
Batting: RHB Menno van de Vlugt 0-0: Foul Ball, location: 2F
0-1: Swinging Strike
0-2: Ball
Wild Pitch!
Mal Bussard to second
1-2: Foul Ball, location: 2F
1-2: Foul Ball, location: 2F
1-2: Foul Ball, location: 2F
1-2: Strikes out looking
Batting: RHB David Morales 0-0: Ball
1-0: Foul Ball, location: 2F
1-1: Swinging Strike
1-2: Ball
2-2: Foul Ball, location: 2F
2-2: Fly out, F8 (Flyball, 8RD)
Bottom of the 1st over - 0 run(s), 1 hit(s), 0 error(s), 1 left on base; Lancaster 0 - Long Island 0
TOP OF THE 2ND
Lancaster Farmers batting - Pitching for Long Island Seawolves : RHP Jim Unknown
Batting: RHB Sean MacKnight 0-0: Foul Ball, location: 2F
0-1: Ball
1-1: SOLO HOME RUN (Flyball, 7LD), Distance : 320 ft
Batting: LHB Manny Valentín 0-0: Ball
1-0: Called Strike
1-1: Ground out 6-3 (Groundball, 6)
Batting: RHB Chuck Wolf 0-0: Ball
1-0: Called Strike
1-1: Swinging Strike
1-2: Foul Ball, location: 2F
Reached via error on a dropped throw, E3
Batting: RHB Domenic Gallard 0-0: Foul Ball, location: 2F
0-1: Foul Ball, location: 2F
0-2: Ball
1-2: Strikes out swinging
Batting: LHB Ramón Gómez 0-0: Ball
1-0: Fielders Choice at 2nd, U6 (Groundball, 6MD)
Top of the 2nd over - 1 run(s), 1 hit(s), 1 error(s), 1 left on base; Lancaster 1 - Long Island 0
BOTTOM OF THE 2ND
Long Island Seawolves batting - Pitching for Lancaster Farmers : RHP Roberto Cantú
Batting: RHB Miguel Rodríguez 0-0: Ball
1-0: Ball
2-0: Ground out 1-3 (Groundball, 23)
Batting: RHB Mario Rivera 0-0: Ball
1-0: Called Strike
1-1: Ball
2-1: Foul Ball, location: 2F
2-2: Ball
3-2: Strikes out swinging
Batting: LHB Scott Britt 0-0: Foul Ball, location: 2F
0-1: Foul Ball, location: 2F
0-2: Foul Ball, location: 2F
0-2: Ball
1-2: Ball
2-2: Fly out, F7 (Flyball, 7M)
Bottom of the 2nd over - 0 run(s), 0 hit(s), 0 error(s), 0 left on base; Lancaster 1 - Long Island 0
TOP OF THE 3RD
Lancaster Farmers batting - Pitching for Long Island Seawolves : RHP Jim Unknown
Batting: LHB Brad Tillman 0-0: Ball
1-0: Foul Ball, location: 2F
1-1: Foul Ball, location: 2F
1-2: Foul Ball, location: 2F
1-2: Foul Ball, location: 2F
1-2: Foul Ball, location: 2F
1-2: Ball
2-2: Foul Ball, location: 2F
2-2: SINGLE (Line Drive, 34)
Batting: RHB Barkley B. Cooltimes 0-0: Ball
Brad Tillman steals 2nd base
1-0: Foul Ball, location: 2F
1-1: SINGLE (Flyball, 7M)
Brad Tillman to third
Runner from 3rd tries for Home, SAFE, throw made home
Barkley B. Cooltimes to second
Batting: LHB Rob Wilson 0-0: Ball
1-0: Swinging Strike
1-1: Foul Ball, location: 2F
1-2: Ball
2-2: Strikes out swinging
Batting: RHB Fred Meyer 0-0: Called Strike
0-1: Swinging Strike
Passed Ball!
Barkley B. Cooltimes to third
0-2: Strikes out looking
Batting: RHB Sean MacKnight 0-0: Ball
1-0: Foul Ball, location: 2F
1-1: Called Strike
1-2: Foul Ball, location: 2F
1-2: Foul Ball, location: 2F
1-2: Ball
2-2: Ball
3-2: Foul Ball, location: 2F
3-2: Foul Ball, location: 2F
3-2: Base on Balls
Batting: LHB Manny Valentín 0-0: Ball
1-0: Ball
2-0: Called Strike
2-1: Fly out, F6 (Popup, 6)
Top of the 3rd over - 1 run(s), 2 hit(s), 0 error(s), 2 left on base; Lancaster 2 - Long Island 0
BOTTOM OF THE 3RD
Long Island Seawolves batting - Pitching for Lancaster Farmers : RHP Roberto Cantú
Batting: SHB Carroll Kline 0-0: Called Strike
0-1: Ball
1-1: SOLO HOME RUN (Flyball, 89XD), Distance : 367 ft
Batting: RHB Rafael Canseco 0-0: Foul Ball, location: 2F
0-1: Ball
1-1: Called Strike
1-2: Ball
2-2: Foul Ball, location: 2F
2-2: Ground out 4-3 (Groundball, 4S)
Batting: RHB Francisco García 0-0: Swinging Strike
0-1: Called Strike
0-2: Foul Ball, location: 2F
0-2: Ball
1-2: Foul Ball, location: 2F
1-2: Foul Ball, location: 2F
1-2: Strikes out swinging
Batting: RHB Mal Bussard 0-0: Ball
1-0: SINGLE (Groundball, 4D)
Batting: RHB Menno van de Vlugt 0-0: Called Strike
0-1: Called Strike
0-2: Ball
1-2: 2-RUN HOME RUN (Flyball, 7D), Distance : 342 ft
Batting: RHB David Morales 0-0: SINGLE (Flyball, 7S)
Batting: RHB Miguel Rodríguez 0-0: Ball
1-0: Foul Ball, location: 2F
1-1: Ball
2-1: Fielders Choice at 2nd, U4 (Groundball, 4M)
Bottom of the 3rd over - 3 run(s), 4 hit(s), 0 error(s), 1 left on base; Lancaster 2 - Long Island 3
TOP OF THE 4TH
Lancaster Farmers batting - Pitching for Long Island Seawolves : RHP Jim Unknown
Batting: RHB Chuck Wolf 0-0: Called Strike
0-1: Ball
1-1: Called Strike
1-2: Foul Ball, location: 2F
1-2: Ground out 5-3 (Groundball, 56)
Batting: RHB Domenic Gallard 0-0: Ball
1-0: Called Strike
1-1: SINGLE (Line Drive, 34D)
Batting: LHB Ramón Gómez 0-0: Ball
1-0: Called Strike
1-1: Fielders Choice at 2nd, 4-6 (Groundball, 4)
Batting: LHB Brad Tillman 0-0: Called Strike
0-1: Called Strike
0-2: Ball
Ramón Gómez steals 2nd base
1-2: Ball
2-2: Ground out 3-1 (Groundball, 34)
Top of the 4th over - 0 run(s), 1 hit(s), 0 error(s), 1 left on base; Lancaster 2 - Long Island 3
BOTTOM OF THE 4TH
Long Island Seawolves batting - Pitching for Lancaster Farmers : RHP Roberto Cantú
Batting: RHB Mario Rivera 0-0: Ball
1-0: Foul Ball, location: 2F
1-1: Ball
2-1: Called Strike
2-2: Ball
3-2: Base on Balls
Batting: LHB Scott Britt 0-0: Ball
1-0: Called Strike
1-1: Called Strike
1-2: Foul Ball, location: 2F
1-2: Foul Ball, location: 2F
1-2: Ball
2-2: Strikes out looking
Pitching: LHP Álex Reyes
Batting: SHB Carroll Kline 0-0: Ball
1-0: Grounds into double play, 4-6-3 (Groundball, 4)
Bottom of the 4th over - 0 run(s), 0 hit(s), 0 error(s), 0 left on base; Lancaster 2 - Long Island 3
TOP OF THE 5TH
Lancaster Farmers batting - Pitching for Long Island Seawolves : RHP Jim Unknown
Batting: RHB Barkley B. Cooltimes 0-0: Ball
1-0: Swinging Strike
1-1: Called Strike
1-2: Ball
2-2: Foul Ball, location: 2F
2-2: Foul Ball, location: 2F
2-2: Foul Ball, location: 2F
2-2: Strikes out swinging
Batting: LHB Rob Wilson 0-0: Fly out, F8 (Flyball, 8LM)
Batting: RHB Fred Meyer 0-0: Ball
1-0: Foul Ball, location: 2F
1-1: Ball
2-1: Ball
3-1: Foul Ball, location: 2F
3-2: Base on Balls
Batting: RHB Sean MacKnight 0-0: Called Strike
0-1: SINGLE (Groundball, 56D)
Fred Meyer to second
Batting: LHB Manny Valentín 0-0: Ball
1-0: Ball
2-0: Called Strike
2-1: Ball
3-1: Fly out, F7 (Flyball, 78M)
Top of the 5th over - 0 run(s), 1 hit(s), 0 error(s), 2 left on base; Lancaster 2 - Long Island 3
BOTTOM OF THE 5TH
Long Island Seawolves batting - Pitching for Lancaster Farmers : LHP Álex Reyes
Batting: RHB Rafael Canseco 0-0: Ball
1-0: DOUBLE (Line Drive, 9LM)
Batting: RHB Francisco García 0-0: Intentional Walk
Batting: RHB Mal Bussard 0-0: Ball
1-0: Ball
2-0: Ball
3-0: Base on Balls
Rafael Canseco to third
Francisco García to second
Batting: RHB Menno van de Vlugt 0-0: Called Strike
0-1: Ball
1-1: Ground out 4-3 (Groundball, 13)
Rafael Canseco scores
Francisco García to third
Mal Bussard to second
Batting: RHB David Morales 0-0: Ball
1-0: Swinging Strike
1-1: Foul Ball, location: 2F
1-2: Strikes out swinging
Batting: RHB Miguel Rodríguez 0-0: Foul Ball, location: 2F
0-1: Ball
1-1: Called Strike
1-2: Ball
2-2: Ball
3-2: Strikes out swinging
Bottom of the 5th over - 1 run(s), 1 hit(s), 0 error(s), 2 left on base; Lancaster 2 - Long Island 4
TOP OF THE 6TH
Lancaster Farmers batting - Pitching for Long Island Seawolves : RHP Jim Unknown
Batting: RHB Chuck Wolf 0-0: Ball
1-0: Ball
2-0: DOUBLE (Flyball, 8RM)
Batting: RHB Domenic Gallard 0-0: Ball
1-0: Called Strike
1-1: Ball
2-1: Fly out, F8 (Flyball, 8LM)
Batting: LHB Ramón Gómez 0-0: Ball
1-0: Foul Ball, location: 2F
1-1: SINGLE (Groundball, 4M)
Chuck Wolf to third
Runner from 3rd tries for Home, SAFE, throw made home
Ramón Gómez to second
Batting: LHB Brad Tillman 0-0: Ball
1-0: Ball
2-0: Ball
3-0: Called Strike
3-1: Swinging Strike
3-2: Strikes out looking
Batting: RHB Barkley B. Cooltimes 0-0: Called Strike
0-1: Called Strike
0-2: SINGLE (Line Drive, 78M)
Ramón Gómez to third
Batting: LHB Rob Wilson 0-0: Ball
1-0: Ball
2-0: SINGLE (Groundball, 6MD)
Ramón Gómez scores
Barkley B. Cooltimes to second
Runner from 2nd tries for 3rd, SAFE, throw made to third
Batting: RHB Fred Meyer 0-0: Ball
1-0: Ground out 5-3 (Groundball, 5)
Top of the 6th over - 2 run(s), 4 hit(s), 0 error(s), 2 left on base; Lancaster 4 - Long Island 4
BOTTOM OF THE 6TH
Long Island Seawolves batting - Pitching for Lancaster Farmers : LHP Álex Reyes
Batting: RHB Mario Rivera 0-0: Ball
1-0: Bunt missed!
1-1: SINGLE (Line Drive, 8LS)
Batting: LHB Scott Britt 0-0: Ball
1-0: Ball
2-0: Called Strike
2-1: Ball
3-1: Base on Balls
Mario Rivera to second
Batting: SHB Carroll Kline 0-0: Called Strike
0-1: Ball
1-1: Foul Ball, location: 2F
1-2: Strikes out looking
Batting: RHB Rafael Canseco 0-0: Called Strike
0-1: Foul Ball, location: 2F
0-2: Foul Ball, location: 2F
0-2: Ground out 5-3 (Groundball, 5S)
Mario Rivera to third
Scott Britt to second
Batting: RHB Francisco García 0-0: Swinging Strike
0-1: Ball
1-1: Called Strike
1-2: Strikes out swinging
Bottom of the 6th over - 0 run(s), 1 hit(s), 0 error(s), 2 left on base; Lancaster 4 - Long Island 4
TOP OF THE 7TH
Lancaster Farmers batting - Pitching for Long Island Seawolves : RHP Jim Unknown
Batting: RHB Sean MacKnight 0-0: Called Strike
0-1: Swinging Strike
0-2: SOLO HOME RUN (Flyball, 7D), Distance : 362 ft
Pitching: RHP Jim Unknown
Batting: LHB Manny Valentín 0-0: Ball
1-0: Foul Ball, location: 2F
1-1: SOLO HOME RUN (Flyball, 9LD), Distance : 325 ft
Batting: RHB Chuck Wolf 0-0: Called Strike
0-1: Foul Ball, location: 2F
0-2: Ball
1-2: Strikes out looking
Batting: RHB Domenic Gallard 0-0: Fly out, F9 (Flyball, 9LMF)
Batting: LHB Ramón Gómez 0-0: Ball
1-0: Fly out, F8 (Flyball, 8LM)
Top of the 7th over - 2 run(s), 2 hit(s), 0 error(s), 0 left on base; Lancaster 6 - Long Island 4
BOTTOM OF THE 7TH
Long Island Seawolves batting - Pitching for Lancaster Farmers : LHP Álex Reyes
Batting: RHB Mal Bussard 0-0: Swinging Strike
0-1: Ball
1-1: Fly out, F4 (Popup, 4D)
Batting: RHB Menno van de Vlugt 0-0: SINGLE (Line Drive, 56)
Batting: RHB David Morales 0-0: Ball
1-0: Called Strike
1-1: Called Strike
1-2: Ball
2-2: Strikes out swinging
Pitching: LHP Sergio Cruz
Batting: RHB Miguel Rodríguez 0-0: Called Strike
0-1: Called Strike
0-2: Foul Ball, location: 2F
0-2: Foul Ball, location: 2F
0-2: Strikes out swinging
Bottom of the 7th over - 0 run(s), 1 hit(s), 0 error(s), 1 left on base; Lancaster 6 - Long Island 4
TOP OF THE 8TH
Lancaster Farmers batting - Pitching for Long Island Seawolves : RHP Jim Unknown
Batting: LHB Brad Tillman 0-0: Ball
1-0: Ball
2-0: Foul Ball, location: 2F
2-1: Called Strike
2-2: Ball
3-2: Foul Ball, location: 2F
3-2: Foul Ball, location: 2F
3-2: Strikes out looking
Batting: RHB Barkley B. Cooltimes 0-0: Ball
1-0: Ball
2-0: SOLO HOME RUN (Flyball, 7D), Distance : 347 ft
Batting: LHB Rob Wilson 0-0: Ball
1-0: Fly out, F9 (Flyball, 89XD)
Batting: RHB Fred Meyer 0-0: Ball
1-0: Called Strike
1-1: Ball
2-1: Foul Ball, location: 2F
2-2: Ball
3-2: Fly out, F9 (Line Drive, 89M)
Top of the 8th over - 1 run(s), 1 hit(s), 0 error(s), 0 left on base; Lancaster 7 - Long Island 4
BOTTOM OF THE 8TH
Long Island Seawolves batting - Pitching for Lancaster Farmers : LHP Sergio Cruz
Batting: RHB Mario Rivera 0-0: Ground out 4-3 (Groundball, 4MD)
Batting: LHB Scott Britt 0-0: Fly out, F6 (Popup, 6D)
Batting: SHB Carroll Kline 0-0: Ball
1-0: Ball
2-0: Ball
3-0: Called Strike
3-1: Base on Balls
Pitching: RHP Bill Lee
Batting: RHB Rafael Canseco 0-0: Foul Ball, location: 2F
0-1: Called Strike
0-2: Ball
1-2: Strikes out swinging
Bottom of the 8th over - 0 run(s), 0 hit(s), 0 error(s), 1 left on base; Lancaster 7 - Long Island 4
TOP OF THE 9TH
Lancaster Farmers batting - Pitching for Long Island Seawolves : RHP Jim Unknown
Pitching: RHP Jim Unknown
Batting: RHB Sean MacKnight 0-0: Ball
1-0: Ball
2-0: Ball
3-0: Swinging Strike
3-1: Base on Balls
Batting: LHB Manny Valentín 0-0: Called Strike
0-1: Fielders Choice at 2nd, 1-6 (Groundball, 13)
Batting: RHB Chuck Wolf 0-0: Called Strike
0-1: Called Strike
0-2: Ball
1-2: Fly out, F9 (Flyball, 9S)
Batting: RHB Domenic Gallard 0-0: Called Strike
0-1: Ball
Manny Valentín steals 2nd base
1-1: Ball
2-1: Ball
3-1: Called Strike
3-2: Foul Ball, location: 2F
3-2: Foul Ball, location: 2F
3-2: Foul Ball, location: 2F
3-2: Strikes out swinging
Top of the 9th over - 0 run(s), 0 hit(s), 0 error(s), 1 left on base; Lancaster 7 - Long Island 4
BOTTOM OF THE 9TH
Long Island Seawolves batting - Pitching for Lancaster Farmers : RHP Bill Lee
Pitching: LHP Norberto Quintana
Batting: RHB Francisco García 0-0: Ball
1-0: Ball
2-0: Ball
3-0: Base on Balls
Batting: RHB Mal Bussard 0-0: Called Strike
0-1: Called Strike
0-2: Ball
1-2: Foul Ball, location: 2F
1-2: Foul Ball, location: 2F
1-2: Foul Ball, location: 2F
1-2: Ball
2-2: Ball
3-2: Base on Balls
Francisco García to second
Batting: RHB Menno van de Vlugt 0-0: Ball
1-0: Swinging Strike
1-1: Ball
2-1: Called Strike
2-2: Ball
3-2: Grounds into double play, 5-4-3 (Groundball, 5)
Francisco García to third
Batting: RHB David Morales 0-0: Called Strike
0-1: Foul Ball, location: 2F
0-2: Foul Ball, location: 2F
0-2: Ball
1-2: Strikes out looking
Bottom of the 9th over - 0 run(s), 0 hit(s), 0 error(s), 1 left on base; Lancaster 7 - Long Island 4
This league is powered by Out of the Park Baseball, the baseball management simulation game for PC, Mac and Linux
Friday, July 8th, 2016 - OOTP Baseball 16.9 Build 39